BR
LOGAN SWANS @ AMITY GARDENS WESTERNERS
09/20/2027
 
TOP OF THE 1ST
Logan Swans batting - Pitching for Amity Gardens Westerners : LHP Dan Thompson
Pitching: LHP Dan Thompson
Batting: RHB Joe Sulley 0-0: Ball
1-0: Called Strike
1-1: Ball
2-1: Swinging Strike
2-2: Foul Ball, location: 2F
2-2: Ball
3-2: Base on Balls
Batting: RHB Alfredo Salinas 0-0: Ball
Wild Pitch!
Joe Sulley to second
1-0: Ball
2-0: Ball
3-0: Base on Balls
Batting: LHB Roberto Herrera 0-0: Called Strike
Joe Sulley steals 3rd base
Alfredo Salinas to second
0-1: Ball
1-1: Ball
Wild Pitch!
Joe Sulley scores
Alfredo Salinas to third
2-1: Foul Ball, location: 2F
2-2: Strikes out swinging
Batting: RHB Lawrence Ware 0-0: Called Strike
0-1: Ground out U3 (Groundball, 34)
Alfredo Salinas scores
Batting: RHB Joe Roberts 0-0: Called Strike
0-1: Called Strike
0-2: Ball
1-2: Ball
2-2: Strikes out swinging
Top of the 1st over - 2 run(s), 0 hit(s), 0 error(s), 0 left on base; Logan 2 - Amity Gardens 0
BOTTOM OF THE 1ST
Amity Gardens Westerners batting - Pitching for Logan Swans : RHP Pablo Ortíz
Pitching: RHP Pablo Ortíz
Batting: RHB Jorge García 0-0: Ball
1-0: Called Strike
1-1: Foul Ball, location: 2F
1-2: Ball
2-2: Ground out 1-3 (Groundball, 15)
Batting: LHB Jack Mitchell 0-0: Ball
1-0: Foul Ball, location: 2F
1-1: Ball
2-1: Swinging Strike
2-2: Strikes out swinging
Batting: RHB Luis López 0-0: Swinging Strike
0-1: Ball
1-1: Called Strike
1-2: Strikes out looking
Bottom of the 1st over - 0 run(s), 0 hit(s), 0 error(s), 0 left on base; Logan 2 - Amity Gardens 0
TOP OF THE 2ND
Logan Swans batting - Pitching for Amity Gardens Westerners : LHP Dan Thompson
Batting: RHB Adrián Barrera 0-0: Called Strike
0-1: Called Strike
0-2: Strikes out swinging
Batting: RHB Jeremy Camanho 0-0: Ball
1-0: Called Strike
1-1: Called Strike
1-2: Ball
2-2: SINGLE (Groundball, 5) (infield hit)
Batting: RHB Júlio Ramos 0-0: Called Strike
0-1: DOUBLE (Line Drive, 7LM)
Jeremy Camanho to third
Batting: RHB Francisco Durango 0-0: DOUBLE (Groundball, 5L)
Jeremy Camanho scores
Júlio Ramos scores
Batting: RHB Joe Sulley 0-0: Called Strike
0-1: Ball
1-1: Foul Ball, location: 2F
1-2: Foul Ball, location: 2F
1-2: Foul Ball, location: 2F
1-2: Ball
2-2: Ground out 5-3 (Groundball, 56)
Batting: RHB Alfredo Salinas 0-0: Ball
1-0: Foul Ball, location: 2F
1-1: SINGLE (Groundball, 34D)
Francisco Durango to third
Runner from 3rd tries for Home, throw and OUT!
Top of the 2nd over - 2 run(s), 4 hit(s), 0 error(s), 1 left on base; Logan 4 - Amity Gardens 0
BOTTOM OF THE 2ND
Amity Gardens Westerners batting - Pitching for Logan Swans : RHP Pablo Ortíz
Batting: SHB Chris Barrett 0-0: Fly out, F8 (Flyball, 8RXD)
Batting: RHB Spike Walters 0-0: Called Strike
0-1: Ball
1-1: Called Strike
1-2: Fly out, F8 (Flyball, 8LD)
Batting: SHB John Kessler 0-0: Ball
1-0: Called Strike
1-1: Called Strike
1-2: Strikes out looking
Bottom of the 2nd over - 0 run(s), 0 hit(s), 0 error(s), 0 left on base; Logan 4 - Amity Gardens 0
TOP OF THE 3RD
Logan Swans batting - Pitching for Amity Gardens Westerners : LHP Dan Thompson
Batting: LHB Roberto Herrera 0-0: Foul Ball, location: 2F
0-1: Ball
1-1: Foul Ball, location: 2F
1-2: Strikes out swinging
Batting: RHB Lawrence Ware 0-0: Ball
1-0: Ball
2-0: Called Strike
2-1: Called Strike
2-2: Ground out U3 (Groundball, 3S)
Batting: RHB Joe Roberts Error on foul ball, E5
0-1: Foul Ball, location: 2F
0-2: Ground out 4-3 (Groundball, 4)
Top of the 3rd over - 0 run(s), 0 hit(s), 1 error(s), 0 left on base; Logan 4 - Amity Gardens 0
BOTTOM OF THE 3RD
Amity Gardens Westerners batting - Pitching for Logan Swans : RHP Pablo Ortíz
Batting: RHB Tomás Rivera 0-0: Swinging Strike
0-1: Ball
1-1: Foul Ball, location: 2F
1-2: SINGLE (Line Drive, 89S)
Batting: RHB Steve Myers 0-0: Fly out, F3 (Popup, 3L)
Batting: SHB Howard Romero 0-0: Foul Ball, location: 2F
0-1: Swinging Strike
0-2: Fly out, F9 (Flyball, 9LM)
Batting: RHB Jorge García 0-0: Ball
1-0: Ball
2-0: Ball
3-0: Base on Balls
Tomás Rivera to second
Batting: LHB Jack Mitchell 0-0: Foul Ball, location: 2F
0-1: Swinging Strike
0-2: Foul Ball, location: 2F
0-2: Foul Ball, location: 2F
0-2: Fly out, F2 (Popup, 3S)
Bottom of the 3rd over - 0 run(s), 1 hit(s), 0 error(s), 2 left on base; Logan 4 - Amity Gardens 0
TOP OF THE 4TH
Logan Swans batting - Pitching for Amity Gardens Westerners : LHP Dan Thompson
Batting: RHB Adrián Barrera 0-0: Called Strike
0-1: Swinging Strike
0-2: Ball
1-2: Foul Ball, location: 2F
1-2: Strikes out swinging
Batting: RHB Jeremy Camanho 0-0: SINGLE (Line Drive, 5D)
Batting: RHB Júlio Ramos 0-0: Ball
Passed Ball!
Jeremy Camanho to second
1-0: Swinging Strike
1-1: SINGLE (Line Drive, 7S)
Jeremy Camanho to third
Runner from 3rd tries for Home, SAFE, throw made home
Júlio Ramos to second
Pitching: RHP Rod Whitaker
Batting: RHB Francisco Durango 0-0: Fly out, F8 (Flyball, 78M)
Batting: RHB Joe Sulley 0-0: Foul Ball, location: 2F
0-1: Foul Ball, location: 2F
0-2: Ball
1-2: Fly out, F8 (Flyball, 89S)
Top of the 4th over - 1 run(s), 2 hit(s), 0 error(s), 1 left on base; Logan 5 - Amity Gardens 0
BOTTOM OF THE 4TH
Amity Gardens Westerners batting - Pitching for Logan Swans : RHP Pablo Ortíz
Batting: RHB Luis López 0-0: Called Strike
0-1: Ball
1-1: Foul Ball, location: 2F
1-2: Ground out 6-3 (Groundball, 6)
Batting: SHB Chris Barrett 0-0: Ball
1-0: Fly out, F4 (Line Drive, 4)
Batting: RHB Spike Walters 0-0: Ball
1-0: Ball
2-0: Called Strike
2-1: Fly out, F8 (Flyball, 8LM)
Bottom of the 4th over - 0 run(s), 0 hit(s), 0 error(s), 0 left on base; Logan 5 - Amity Gardens 0
TOP OF THE 5TH
Logan Swans batting - Pitching for Amity Gardens Westerners : RHP Rod Whitaker
Batting: RHB Alfredo Salinas 0-0: Ball
1-0: SINGLE (Flyball, 8RS)
Batting: LHB Roberto Herrera 0-0: Ball
1-0: Called Strike
1-1: Ball
2-1: Fly out, F4 (Popup, 4S)
Batting: RHB Lawrence Ware 0-0: Called Strike
0-1: Ball
1-1: Foul Ball, location: 2F
1-2: Foul Ball, location: 2F
1-2: Foul Ball, location: 2F
1-2: Strikes out swinging
Batting: RHB Joe Roberts 0-0: Called Strike
0-1: Called Strike
0-2: Ball
1-2: Fielders Choice at 2nd, 4-6 (Groundball, 4)
Top of the 5th over - 0 run(s), 1 hit(s), 0 error(s), 0 left on base; Logan 5 - Amity Gardens 0
BOTTOM OF THE 5TH
Amity Gardens Westerners batting - Pitching for Logan Swans : RHP Pablo Ortíz
Batting: SHB John Kessler 0-0: Called Strike
0-1: Ball
1-1: Ball
2-1: Called Strike
2-2: Strikes out looking
Batting: RHB Tomás Rivera 0-0: Swinging Strike
0-1: Called Strike
0-2: Foul Ball, location: 2F
0-2: Ball
1-2: Foul Ball, location: 2F
1-2: Strikes out looking
Batting: RHB Steve Myers 0-0: Called Strike
0-1: Ball
1-1: Fly out, F9 (Flyball, 89D)
Bottom of the 5th over - 0 run(s), 0 hit(s), 0 error(s), 0 left on base; Logan 5 - Amity Gardens 0
TOP OF THE 6TH
Logan Swans batting - Pitching for Amity Gardens Westerners : RHP Rod Whitaker
Batting: RHB Adrián Barrera 0-0: Swinging Strike
0-1: Swinging Strike
0-2: Foul Ball, location: 2F
0-2: Ball
1-2: Strikes out looking
Batting: RHB Jeremy Camanho 0-0: Ball
1-0: Foul Ball, location: 2F
1-1: Fly out, F8 (Flyball, 8LM)
Batting: RHB Júlio Ramos 0-0: Ball
1-0: DOUBLE (Flyball, 9LM) - OUT at third base trying to stretch hit.
Top of the 6th over - 0 run(s), 1 hit(s), 0 error(s), 0 left on base; Logan 5 - Amity Gardens 0
BOTTOM OF THE 6TH
Amity Gardens Westerners batting - Pitching for Logan Swans : RHP Pablo Ortíz
Batting: SHB Howard Romero 0-0: Foul Ball, location: 2F
0-1: Called Strike
0-2: Ball
1-2: Ball
2-2: Ball
3-2: Strikes out swinging
Batting: RHB Jorge García 0-0: Ball
1-0: Called Strike
1-1: Ball
2-1: Ball
3-1: Foul Ball, location: 2F
3-2: Foul Ball, location: 2F
3-2: Foul Ball, location: 2F
3-2: Strikes out swinging
Batting: LHB Jack Mitchell 0-0: Ball
1-0: Ground out 6-3 (Groundball, 6)
Bottom of the 6th over - 0 run(s), 0 hit(s), 0 error(s), 0 left on base; Logan 5 - Amity Gardens 0
TOP OF THE 7TH
Logan Swans batting - Pitching for Amity Gardens Westerners : RHP Rod Whitaker
Batting: RHB Francisco Durango 0-0: Foul Ball, location: 2F
0-1: Ball
1-1: Foul Ball, location: 2F
1-2: Strikes out swinging
Batting: RHB Joe Sulley 0-0: SINGLE (Flyball, 4D)
Batting: RHB Alfredo Salinas 0-0: Ball
1-0: Grounds into double play, 4-6-3 (Groundball, 4)
Top of the 7th over - 0 run(s), 1 hit(s), 0 error(s), 0 left on base; Logan 5 - Amity Gardens 0
BOTTOM OF THE 7TH
Amity Gardens Westerners batting - Pitching for Logan Swans : RHP Pablo Ortíz
Pitching: RHP Jesús Delgado
Batting: RHB Luis López 0-0: Swinging Strike
0-1: Swinging Strike
0-2: Strikes out looking
Batting: SHB Chris Barrett 0-0: Ground out 1-3 (Groundball, 15S)
Batting: RHB Spike Walters 0-0: Called Strike
0-1: Called Strike
0-2: Ball
1-2: Strikes out swinging
Bottom of the 7th over - 0 run(s), 0 hit(s), 0 error(s), 0 left on base; Logan 5 - Amity Gardens 0
TOP OF THE 8TH
Logan Swans batting - Pitching for Amity Gardens Westerners : RHP Rod Whitaker
Batting: LHB Roberto Herrera 0-0: Ball
1-0: Ball
2-0: Ball
3-0: Base on Balls
Batting: RHB Lawrence Ware 0-0: Ball
1-0: Ball
2-0: Called Strike
2-1: Ball
3-1: Base on Balls
Roberto Herrera to second
Batting: RHB Joe Roberts 0-0: Foul Ball, location: 2F
0-1: Ball
1-1: Ball
2-1: Ball
3-1: Base on Balls
Roberto Herrera to third
Lawrence Ware to second
Batting: RHB Adrián Barrera 0-0: Swinging Strike
0-1: Foul Ball, location: 2F
0-2: Foul Ball, location: 2F
0-2: Ball
1-2: Strikes out swinging
Pitching: LHP Rodrigo Freitas
Batting: RHB Jeremy Camanho 0-0: Called Strike
0-1: Foul Ball, location: 2F
0-2: Ball
1-2: Ball
2-2: TRIPLE (Flyball, 8LD)
Roberto Herrera scores
Lawrence Ware scores
Joe Roberts scores
Batting: RHB Júlio Ramos 0-0: Ball
1-0: SINGLE (Groundball, 6MD)
Jeremy Camanho scores
Batting: RHB Francisco Durango 0-0: Foul Ball, location: 2F
0-1: Swinging Strike
0-2: Fielders Choice at 2nd, 6-4 (Groundball, 6)
Batting: RHB Joe Sulley 0-0: Ground out 1-3 (Groundball, 15)
Top of the 8th over - 4 run(s), 2 hit(s), 0 error(s), 1 left on base; Logan 9 - Amity Gardens 0
BOTTOM OF THE 8TH
Amity Gardens Westerners batting - Pitching for Logan Swans : RHP Jesús Delgado
Batting: SHB John Kessler 0-0: Swinging Strike
0-1: Fly out, F8 (Flyball, 89M)
Batting: RHB Tomás Rivera 0-0: Ball
1-0: Foul Ball, location: 2F
1-1: Foul Ball, location: 2F
1-2: Ground out 4-3 (Groundball, 4)
Batting: RHB Steve Myers 0-0: Ball
1-0: Foul Ball, location: 2F
1-1: Ball
2-1: Foul Ball, location: 2F
2-2: Foul Ball, location: 2F
2-2: Fly out, F8 (Flyball, 89M)
Bottom of the 8th over - 0 run(s), 0 hit(s), 0 error(s), 0 left on base; Logan 9 - Amity Gardens 0
TOP OF THE 9TH
Logan Swans batting - Pitching for Amity Gardens Westerners : LHP Rodrigo Freitas
Pitching: RHP Rafael Reyes
Batting: RHB Alfredo Salinas 0-0: Foul Ball, location: 2F
0-1: Swinging Strike
0-2: Ball
1-2: Strikes out swinging
Batting: LHB Roberto Herrera 0-0: Ball
1-0: Called Strike
1-1: Fly out, F8 (Flyball, 8LM)
Batting: RHB Lawrence Ware 0-0: Fly out, F2 (Popup, 5S)
Top of the 9th over - 0 run(s), 0 hit(s), 0 error(s), 0 left on base; Logan 9 - Amity Gardens 0
BOTTOM OF THE 9TH
Amity Gardens Westerners batting - Pitching for Logan Swans : RHP Jesús Delgado
Batting: SHB Howard Romero 0-0: Called Strike
0-1: Fly out, F2 (Popup, 2R)
Batting: RHB Jorge García 0-0: Ball
1-0: Ball
2-0: Called Strike
2-1: Called Strike
2-2: Ball
3-2: Strikes out swinging
Batting: LHB Jack Mitchell 0-0: Ball
1-0: Ball
2-0: Called Strike
2-1: Foul Ball, location: 2F
2-2: Ground out U3 (Groundball, 34)
Bottom of the 9th over - 0 run(s), 0 hit(s), 0 error(s), 0 left on base; Logan 9 - Amity Gardens 0
Thursday, March 30th, 2017 - OOTP Baseball 17.12 Build 75